 Dungeon Crawl Stone Soup version 0.23.1 (webtiles) character file.

Game seed: 6605082312804661263

85 Fang the Skirmisher (level 4, -2/43 HPs)
             Began as a Gargoyle Berserker on Mar 19, 2019.
             Was a Believer of Trog.
             Slain by a gnoll
             ... wielding a +0 spear
              (10 damage)
             ... on level 2 of the Dungeon.
             The game lasted 00:01:17 (1091 turns).

Fang the Skirmisher (Gargoyle Berserker)            Turns: 1091, Time: 00:01:18

Health: -2/43      AC:  5    Str: 27    XL:     4   Next: 48%
Magic:  4/4        EV: 12    Int:  7    God:    Trog [**....]
Gold:   44         SH:  0    Dex:  9    Spells: 3/3 levels left

rFire    . . .     SeeInvis .   a - +0 hand axe
rCold    . . .     Gourm    .   (no shield)
rNeg     + . .     Faith    .   b - +0 animal skin
rPois    ∞         Spirit   .   (no helmet)
rElec    +         Reflect  .   (no cloak)
rCorr    .         Harm     .   (no gloves)
MR       .....                  (no boots)
Stlth    ..........             (no amulet)
HPRegen  0.14/turn              (no ring)
MPRegen  0.09/turn              (no ring)

@: berserking (expiring), very quick
A: negative energy resistance 1, electricity resistance, unbreathing,
petrification resistance, rot immunity, AC +3
a: Berserk, Trog's Hand, Renounce Religion


You were on level 2 of the Dungeon.
You worshipped Trog.
Trog was pleased with you.
You were hungry.

You visited 1 branch of the dungeon, and saw 2 of its levels.

You collected 44 gold pieces.

Inventory:

Hand Weapons
 a - a +0 hand axe (weapon)
Armour
 b - a +0 animal skin (worn)
Jewellery
 e - a cursed ring of teleportation {unknown}
Scrolls
 d - 2 scrolls of identify {unknown}
 h - a scroll of immolation {unknown}
 j - a scroll of remove curse {unknown}
Potions
 f - a potion of agility {unknown}
 i - a potion of cancellation {unknown}
 k - a potion of might {unknown}
 l - a potion of flight {unknown}
Comestibles
 c - 2 rations
 g - a chunk of flesh


   Skills:
 + Level 4.0 Fighting
 + Level 3.3 Axes
 + Level 3.1 Armour
 + Level 2.2 Dodging


You had 3 spell levels left.
You didn't know any spells.
Your spell library was empty.

Dungeon Overview and Level Annotations

Branches:
Dungeon (2/15)

Altars:


Innate Abilities, Weirdness & Mutations

You are resistant to torment.
Your stone body is resilient. (AC +3)
You are immune to poison.
You resist negative energy. (rN+)
You are resistant to electric shocks. (rElec)
You can survive without breathing.
You are immune to petrification.
You are immune to rotting.


Message History

Unknown command.
You are too injured to fight recklessly!
Unknown command.
You are too injured to fight recklessly!
The gnoll closely misses you. The gnoll hits you with a +0 spear.
* * * LOW HITPOINT WARNING * * *
Found a stone staircase leading down.
You closely miss the gnoll. You slash the worm!
You kill the worm!
Trog accepts your kill.
You barely miss the kobold. You barely miss the goblin. You slash the gnoll!
The goblin closely misses you.
You closely miss the gnoll. You hit the kobold. You slash the goblin!
You kill the goblin!
Trog accepts your kill.
You hit the gnoll but do no damage.
The gnoll hits you with a cursed -1 halberd.
* * * LOW HITPOINT WARNING * * *
The gnoll hits you with a +0 spear!
You die...

#...>....
#........
#........
###........ ##
#..........
#..####..........
#.....##K)g(.....
#...<.(@g......
#...#..#†).......
... ##(#.........
. ...........>
...##........
###.w.........
##..........
..........


You could see 2 gnolls and a kobold.

Vanquished Creatures
  Jessica (D:2)
  A gnoll (D:2)
  2 adders (D:2)
  A worm (D:2)
  A leopard gecko (D:1)
  3 hobgoblins (D:1)
  5 bats (D:1)
  6 goblins
  5 kobolds
  9 rats
34 creatures vanquished.

Notes
Turn   | Place    | Note
-------+----------+-------------------------------------------
     0 | D:1      | Fang the Gargoyle Berserker began the quest for the Orb.
     0 | D:1      | Reached XP level 1. HP: 14/14 MP: 1/1
   155 | D:1      | Reached XP level 2. HP: 8/19 MP: 2/2
   967 | D:1      | Reached ** piety under Trog
  1074 | D:2      | Noticed Jessica
  1080 | D:2      | Reached XP level 3. HP: 24/24 MP: 3/3
  1082 | D:2      | Killed Jessica
  1082 | D:2      | Reached XP level 4. HP: 28/29 MP: 4/4
  1084 | D:2      | Reached skill level 4 in Fighting
  1091 | D:2      | Slain by a gnoll

Skill      XL: |  1  2  3  4 |
---------------+-------------+-----
Axes           | 3 |  3.3
Dodging        | 2 |  2.2
Armour         | 3 |  3.1
Fighting       | 4 |  4.0

Action                   |  1- 3 |  4- 6 || total
-------------------------+-------+-------++-------
Melee: Hand axe          |    91 |     8 ||    99
Invok: Berserk           |     1 |       ||     1
 Stab: Sleeping          |     1 |       ||     1
  Eat: Chunk             |     1 |       ||     1
Armor: Animal skin       |    32 |       ||    32
Dodge: Dodged            |    67 |    13 ||    80
